 Dungeon Crawl Stone Soup version bcrawl-1.17.3 (webtiles) character file.

Game seed: 3402814928974643745

82 Mrkan the Ducker (level 4, -3/36 HPs)
             Began as a Hill Orc Archaeologist on Oct 30, 2019.
             Killed by nerve-wracking pain
             ... invoked by Jessica
              (12 damage)
             ... on level 3 of the Dungeon.
             The game lasted 00:05:22 (2726 turns).

Mrkan the Ducker (Hill Orc Archaeologist)           Turns: 2726, Time: 00:05:23

Health: -3/36      AC:  8    Str: 14    XL:     4   Next: 43%
Magic:  4/4        EV: 13    Int: 14    God:
Gold:   117        SH:  0    Dex:  9    Spells: 3/3 levels left

rFire    . . .     SeeInvis .   j - +2 whip (elec)
rCold    . . .     Gourm    .   (no shield)
rNeg     . . .     Faith    .   b - +1 robe
rPois    .         Spirit   .   o - +2 hat
rElec    .         Reflect  .   k - +0 cloak (curse)
rCorr    .         Harm     .   (no gloves)
MR       .....                  d - +1 pair of boots
Stlth    ++........             (no amulet)
HPRegen  0.12/turn              (no ring)
MPRegen  0.09/turn              (no ring)

@: studying Armour
A: no striking features
a: no special abilities


You were on level 3 of the Dungeon.
You were not hungry.

You visited 1 branch of the dungeon, and saw 3 of its levels.

You collected 117 gold pieces.

Inventory:

Hand Weapons
 a - a +0 whip
 j - a +2 whip of electrocution (weapon)
Armour
 b - a +1 robe (worn)
 d - a +1 pair of boots (worn)
 k - a cursed +0 cloak (worn)
 m - a +0 plate armour
 o - a +2 hat (worn)
Jewellery
 h - an uncursed ring of positive energy {unknown}
 n - an uncursed ring of magical power {unknown}
Scrolls
 c - 3 scrolls of identify
Potions
 i - 2 potions of lignification {unknown}
 l - a potion of curing {unknown}
Books
 e - a manual of Armour
Miscellaneous
 f - an ancient crate
Comestibles
 g - 6 rations {!d}
 p - 4 chunks of flesh


   Skills:
 + Level 2.0 Fighting
   Level 2.0 Short Blades
   Level 2.0 Long Blades
   Level 2.0 Axes
   Level 2.0 Maces & Flails
   Level 2.0 Polearms
   Level 2.0 Staves
 + Level 2.9 Armour
 + Level 3.1 Dodging
 - Level 2.6 Stealth
   Level 2.0 Unarmed Combat


You had 3 spell levels left.
You didn't know any spells.
Your spell library was empty.

Dungeon Overview and Level Annotations

Branches:
Dungeon (3/12)

Altars:

Annotations:
D:3 Jessica


Message History

The orc wizard hits you but does no damage.
The quokka barely misses you. The quokka bites you.
Jessica casts a spell.
Jessica blinks!
The quokka barely misses you.
Jessica gestures wildly while chanting.
Jessica blinks!
You hit the quokka but do no damage. Lightning courses through the quokka!!
You kill the quokka!
Jessica gestures at you while chanting. Pain shoots through your body!
The frilled lizard unfolds its giant frill.
Jessica says, "Why did you come here?" Jessica hits you.
* * * LOW HITPOINT WARNING * * *
You hit the orc wizard.
The orc wizard is lightly wounded.
Jessica points at you and mumbles some strange words.
Pain shoots through your body!
You die...

## ###### #.......# #####
#....##.###.... #
#.##.##.##...## ##.#.#
####.##.........# ..#...
#.@.....##.##...# #...#
#@##.##.##.###### #...#
#o##.......# ##
#...#####.###.#.#### ...
#?....r.rl....).#
##.###...#.###.#.#.#.#
#..ยง...........#.#..#.#
....^......$...#.#......
#..............#.##...###
##.###...#.......##..##


You could see an orc wizard, Jessica, a quokka and a frilled lizard.

Vanquished Creatures
  4 oozes
  2 worms (D:2)
  2 dart slugs (D:1)
  2 leopard geckos (D:1)
  An orc (D:3)
  5 giant cockroaches
  4 goblins
  9 hobgoblins
  6 kobolds
  2 quokkas
  4 bats (D:1)
  4 frilled lizards
  A leopard gecko zombie (D:3)
  3 rats (D:2)
49 creatures vanquished.

Notes
Turn   | Place    | Note
-------+----------+-------------------------------------------
     0 | D:1      | Mrkan the Hill Orc Archaeologist began the quest for the
                  | Orb.
     0 | D:1      | Reached XP level 1. HP: 15/15 MP: 1/1
   110 | D:1      | Reached skill level 1 in Fighting
   267 | D:1      | Reached skill level 1 in Armour
   267 | D:1      | Reached XP level 2. HP: 14/23 MP: 2/2
   537 | D:1      | Reached XP level 3. HP: 25/28 MP: 3/3
  1532 | D:2      | Reached skill level 3 in Dodging
  1701 | D:2      | Reached XP level 4. HP: 20/36 MP: 4/4
  2698 | D:3      | Noticed Jessica
  2726 | D:3      | Killed from afar by Jessica

Skill      XL: |  1  2  3  4 |
---------------+-------------+-----
Fighting       | 1 2 |  2.0
Armour         | 1 2 |  2.9
Dodging        | 3 |  3.1
Short Blades   | |  2.0
Long Blades    | |  2.0
Axes           | |  2.0
Maces & Flails | |  2.0
Polearms       | |  2.0
Staves         | |  2.0
Stealth        | |  2.6
Unarmed Combat | |  2.0

Action                   |  1- 3 |  4- 6 || total
-------------------------+-------+-------++-------
Melee: Whip              |   178 |    91 ||   269
       Punch             |       |     1 ||     1
  Use: Scroll            |     3 |     2 ||     5
 Stab: Sleeping          |     6 |     1 ||     7
  Eat: Chunk             |     3 |     3 ||     6
Armor: Robe              |    57 |    18 ||    75
Dodge: Dodged            |   112 |    43 ||   155
